AoeStats
← sethbader85

Arabia

509774090Analyzed
3v3 RM · 4d ago on Sep 28, 2026· 52m 14s· 6 players
Game mode
Random Map
Map size
Normal (6 player)
Population
200
Speed
Normal
Resources
Standard
Victory
Conquest
Starting age
Dark Age
Ending age
Imperial Age
RankedLock teamsTeams togetherTeam positionsShared explorationLock speedFull tech treeHidden civsTurbo modeCheats
Victory
Defeat
🇭🇰 Mongols · Hong Kong SAR China
1126
+12
🇹🇼 Bulgarians · Taiwan
1104
+13
🇺🇾 Shu · Uruguay
1076
+14
🇺🇸 Saxons · United States
1122
-16
🇺🇸 Franks · United States
1106
-16
🇺🇸 Danes · United States
876
-7
kaaaboooom
8:37 Feudal Age
14:16 Bloodlines
18:51 Forging
20:23 Scale Barding Armor
25:15 Castle Age
25:08 Loom
25:46 Gold Mining
26:21 Fletching
28:50 Stone Mining
29:24 Bodkin Arrow
37:31 Padded Archer Armor
51:56 Thumb Ring
52:08 Leather Archer Armor
TawdryCorn6602
13:38 Feudal Age
14:52 Horse Collar
16:15 Arson
16:58 Forging
16:49 Scale Mail Armor
17:09 Double-Bit Axe
24:08 Castle Age
22:21 Stone Mining
23:16 Gold Mining
25:19 Bow Saw
25:36 Heavy Plow
27:09 Wheelbarrow
26:20 Loom
26:20 Town Watch
27:54 Gold Shaft Mining
28:45 Hand Cart
29:08 Iron Casting
28:48 Chain Mail Armor
28:38 Scale Barding Armor
28:47 Bloodlines
28:40 Husbandry
31:20 Chain Barding Armor
35:54 Imperial Age
34:01 Fletching
34:12 Padded Archer Armor
36:38 Elite Konnik
37:41 Conscription
37:05 Pikeman
37:46 Squires
40:44 Stirrups
41:31 Plate Mail Armor
42:01 Blast Furnace
41:37 Plate Barding Armor
42:56 Stone Shaft Mining
42:57 Crop Rotation
50:25 Plate Barding Armor
LRNI Michel
4:10 Loom
9:43 Feudal Age
10:49 Town Watch
15:18 Fletching
22:44 Castle Age
21:38 Double-Bit Axe
21:40 Horse Collar
23:07 Padded Archer Armor
22:48 Crossbowman
23:34 Thumb Ring
23:27 Bodkin Arrow
25:49 Ballistics
27:05 Leather Archer Armor
28:59 Bow Saw
mikeshift1
10:00 Feudal Age
8:16 Loom
12:49 Wheelbarrow
14:58 Double-Bit Axe
14:56 Horse Collar
16:24 Man-at-Arms
19:05 Forging
24:40 Castle Age
26:26 Iron Casting
29:59 Scale Mail Armor
36:10 Fletching
37:47 Padded Archer Armor
43:50 Imperial Age
41:54 Bow Saw
43:06 Bodkin Arrow
43:55 Heavy Plow
45:17 Chain Mail Armor
47:40 Conscription
Hughes80
3:33 Loom
11:11 Feudal Age
13:32 Double-Bit Axe
25:10 Castle Age
24:44 Forging
24:40 Scale Barding Armor
28:02 Husbandry
33:29 Chain Barding Armor
36:00 Iron Casting
43:14 Imperial Age
40:09 Pikeman
41:46 Squires
46:07 Blast Furnace
sethbader85
0:26 Loom
12:41 Feudal Age
13:03 Horse Collar
16:25 Fletching
17:08 Double-Bit Axe
18:40 Padded Archer Armor
23:45 Castle Age
24:21 Elite Skirmisher
27:53 Leather Archer Armor
32:57 Bodkin Arrow
38:10 Heavy Plow
39:04 Pikeman
39:32 Gambesons
39:48 Squires
39:33 Arson
42:28 Crossbowman
44:04 Ballistics
44:44 Thumb Ring
46:37 Scale Barding Armor
Connection lost

Rejoining the realm…

Still unreachable

The connection could not be restored.

Session expired

The server has moved on; the page needs a fresh start.